 Dungeon Crawl Stone Soup version 0.22.1-1-ga44c0e5 (webtiles) character file.

393 Harpaggios the Insei (level 6, -1/47 HPs)
             Began as a Gnoll Transmuter on Oct 17, 2018.
             Slain by an orc priest
             ... wielding a +0 dagger
              (3 damage)
             ... on level 4 of the Dungeon.
             The game lasted 00:15:26 (3991 turns).

Harpaggios the Insei (Gnoll Transmuter)             Turns: 3991, Time: 00:15:27

Health: -1/47      AC:  5    Str: 13    XL:     6   Next: 81%
Magic:  14/14      EV: 21    Int: 16    God:    Xom [..*...]
Gold:   219        SH:  0    Dex: 21    Spells: 12/15 levels left

rFire    . . .     SeeInvis .     - Unarmed
rCold    + . .     Gourm    +   (no shield)
rNeg     . . .     Faith    .   b - +0 robe
rPois    .         Spirit   .   (no helmet)
rElec    .         Reflect  .   c - +2 cloak
rCorr    +         Harm     .   (no gloves)
MR       .....                  (boots currently unavailable)
Stlth    +++.......             h - amulet of the gourmand
HPRegen  0.15/turn              l - ring of resist corrosion
MPRegen  0.14/turn              (no ring)

@: agile, appendage (expiring)
A: distributed training, fangs 1, talons 3, cold resistance 1, mutation
resistance 1, strong nose
a: End Transformation, Renounce Religion


You were on level 4 of the Dungeon.
You worshipped Xom.
You were a toy of Xom.
You were very full.
You had grown temporary talons.
You visited 1 branch of the dungeon, and saw 4 of its levels.

You collected 219 gold pieces.

Inventory:

Missiles
 a - 47 arrows
Armour
 b - a +0 robe (worn)
 c - a +2 cloak (worn)
Jewellery
 h - an amulet of the gourmand (around neck)
 i - an uncursed ring of flight
 l - a ring of resist corrosion (left hand)
 n - an uncursed ring of magical power {unknown}
Wands
 e - a wand of polymorph (17)
 k - a wand of flame (43)
Scrolls
 f - 2 scrolls of remove curse
 g - a scroll of identify
Potions
 m - a potion of lignification
Comestibles
 d - 10 rations
 o - 2 chunks of flesh


   Skills:
 + Level 3.3 Fighting
 + Level 2.1 Short Blades
 + Level 2.1 Long Blades
 + Level 2.1 Axes
 + Level 2.1 Maces & Flails
 + Level 2.1 Polearms
 + Level 2.1 Staves
 + Level 2.1 Slings
 + Level 2.1 Bows
 + Level 2.1 Crossbows
 + Level 2.1 Throwing
 + Level 2.1 Armour
 + Level 5.0 Dodging
 + Level 2.1 Stealth
 + Level 2.1 Shields
 + Level 6.9 Unarmed Combat
 + Level 5.4 Spellcasting
 + Level 1.6 Conjurations
 + Level 1.6 Hexes
 + Level 1.6 Charms
 + Level 1.6 Summonings
 + Level 1.6 Necromancy
 + Level 1.6 Translocations
 + Level 4.1 Transmutations
 + Level 1.6 Fire Magic
 + Level 1.6 Ice Magic
 + Level 1.6 Air Magic
 + Level 1.6 Earth Magic
 + Level 1.6 Poison Magic
 + Level 2.3 Invocations
 + Level 2.1 Evocations


You had 12 spell levels left.
You knew the following spells:

 Your Spells              Type           Power        Failure   Level  Hunger
a - Beastly Appendage     Tmut           ###...       2%          1    None
b - Sticks to Snakes      Tmut           ###.....     4%          2    #......

Your spell library contained the following spells:

 Spells                   Type           Power        Failure   Level  Hunger
 Spider Form              Tmut/Pois      ##........   13%         3    ###....
 Ice Form                 Ice/Tmut       ##......     41%         4    ####...
 Blade Hands              Tmut           ###.......   58%         5    ######.


Dungeon Overview and Level Annotations

Branches:
Dungeon (4/15)
 Temple: D:4-7

Altars:
Ashenzari
Makhleb
Xom


Innate Abilities, Weirdness & Mutations

Your experience applies equally to all skills.
You have very sharp teeth.
Your uncanny sense of smell can sniff out nearby items.
You have claws for feet.
Your flesh is cold resistant. (rC+)
You are somewhat resistant to further mutation.


Message History

The orc completely misses you.
You punch the orc!
You kill the orc!
The orc priest completely misses you.
You hit the orc priest.
The orc priest is lightly wounded.
Your transformation is almost over.
You barely miss the orc priest. Your punch misses the orc priest.
You bite the orc priest.
The orc priest is moderately wounded.
The orc priest hits you with a dagger.
* * * LOW HITPOINT WARNING * * *
You hit the orc priest but do no damage.
You claw the orc priest! You bite the orc priest.
The orc priest is severely wounded.
The orc priest completely misses you.
You closely miss the orc priest.
The orc priest is severely wounded.
The orc priest hits you with a dagger.
You die...

**,,,,,,,,,#..* ### #.....###*
**,,,....,,#..# ###.....#######
**,,,....,,#..# #..............
**,,,...o.,#..# #.#.....#######
*,,,,.....,#..# ##.#.....#
**,,,...o..#..# #..#.....#
**,,,......#..# #..##.##.#
,,,,,.........####..#..##.#******
,,,,,.........oo@§§..........(..,
*****#.....#..####§.............,
* #####*#...)....#..#.......#* *
#.#####..#..#.......#
***********#.#***#..#..#.......#
,,,,,,,,,,,...,,,...#,.#.......#
**********##.#***#..#,,#.......#
* *...,,,....,,#.......## *
*#.****#..#.,#......<..


You could see an orc priest and an orc.

Vanquished Creatures
  Sigmund (D:3)
  A hound (D:2)
  An orc wizard (D:4)
  Jessica (D:3)
  2 worker ants (D:4)
  An adder (D:2)
  2 oozes
  3 worms
  2 dart slugs
  3 leopard geckos
  7 orcs (D:4)
  14 goblins
  7 hobgoblins
  2 jackals (D:3)
  3 kobolds
  5 bats
  5 frilled lizards
  A leopard gecko skeleton (D:4)
  A quokka skeleton (D:4)
  10 rats
72 creatures vanquished.

Vanquished Creatures (collateral kills)
  An ogre (D:4)
  A dart slug (D:4)
2 creatures vanquished.

Grand Total: 74 creatures vanquished

Notes
Turn   | Place    | Note
-------+----------+-------------------------------------------
     0 | D:1      | Harpaggios the Gnoll Transmuter began the quest for the
                  | Orb.
     0 | D:1      | Reached XP level 1. HP: 17/17 MP: 6/6
    80 | D:1      | Reached XP level 2. HP: 23/23 MP: 5/7
   238 | D:1      | Learned a level 2 spell: Sticks to Snakes
   674 | D:1      | Reached XP level 3. HP: 26/28 MP: 9/9
   925 | D:2      | Reached skill level 5 in Spellcasting
  1068 | D:2      | Reached skill level 1 in Invocations
  1122 | D:2      | Reached skill level 1 in Short Blades
  1122 | D:2      | Reached skill level 1 in Long Blades
  1122 | D:2      | Reached skill level 1 in Axes
  1122 | D:2      | Reached skill level 1 in Maces & Flails
  1122 | D:2      | Reached skill level 1 in Polearms
  1122 | D:2      | Reached skill level 1 in Staves
  1122 | D:2      | Reached skill level 1 in Slings
  1122 | D:2      | Reached skill level 1 in Bows
  1122 | D:2      | Reached skill level 1 in Crossbows
  1122 | D:2      | Reached skill level 1 in Throwing
  1122 | D:2      | Reached skill level 1 in Armour
  1122 | D:2      | Reached skill level 1 in Stealth
  1122 | D:2      | Reached skill level 1 in Shields
  1122 | D:2      | Reached skill level 1 in Evocations
  1122 | D:2      | Reached XP level 4. HP: 13/34 MP: 11/11
  1581 | D:2      | Reached skill level 1 in Conjurations
  1581 | D:2      | Reached skill level 1 in Hexes
  1581 | D:2      | Reached skill level 1 in Charms
  1581 | D:2      | Reached skill level 1 in Summonings
  1581 | D:2      | Reached skill level 1 in Necromancy
  1581 | D:2      | Reached skill level 1 in Translocations
  1581 | D:2      | Reached skill level 1 in Fire Magic
  1581 | D:2      | Reached skill level 1 in Ice Magic
  1581 | D:2      | Reached skill level 1 in Air Magic
  1581 | D:2      | Reached skill level 1 in Earth Magic
  1581 | D:2      | Reached skill level 1 in Poison Magic
  2307 | D:3      | Gained mutation: Your flesh is cold resistant. (rC+)
                  | [potion of mutation]
  2307 | D:3      | Gained mutation: You are somewhat resistant to further
                  | mutation. [potion of mutation]
  2635 | D:3      | Noticed Sigmund
  2651 | D:3      | Killed Sigmund
  2651 | D:3      | Reached XP level 5. HP: 23/41 MP: 5/12
  2790 | D:3      | Reached XP level 6. HP: 47/47 MP: 13/13
  2874 | D:3      | Noticed Jessica
  2879 | D:3      | Killed Jessica
  2883 | D:3      | Found a shattered altar of Ashenzari.
  2890 | D:3      | Found a shimmering altar of Xom.
  3102 | D:3      | Became a worshipper of Xom of Chaos
  3121 | D:3      | XOM: divination: detect creatures
  3433 | D:4      | Found a burning altar of Makhleb.
  3494 | D:4      | Reached skill level 5 in Dodging
  3645 | D:4      | XOM: medium Pois miscast
  3674 | D:4      | XOM: noise
  3983 | D:4      | HP: 2/47 [orc priest/divine providence (11)]
  3983 | D:4      | XOM: smoke on damage
  3989 | D:4      | HP: 1/47 [orc priest/dagger (1)]
  3991 | D:4      | Slain by an orc priest

Skill      XL: |  1  2  3  4  5  6 |
---------------+-------------------+-----
Spellcasting   | 5 |  5.4
Invocations    | 1 2 |  2.3
Short Blades   | 1 2 |  2.1
Long Blades    | 1 2 |  2.1
Axes           | 1 2 |  2.1
Maces & Flails | 1 2 |  2.1
Polearms       | 1 2 |  2.1
Staves         | 1 2 |  2.1
Slings         | 1 2 |  2.1
Bows           | 1 2 |  2.1
Crossbows      | 1 2 |  2.1
Throwing       | 1 2 |  2.1
Armour         | 1 2 |  2.1
Stealth        | 1 2 |  2.1
Shields        | 1 2 |  2.1
Evocations     | 1 2 |  2.1
Conjurations   | 1 |  1.6
Hexes          | 1 |  1.6
Charms         | 1 |  1.6
Summonings     | 1 |  1.6
Necromancy     | 1 |  1.6
Translocations | 1 |  1.6
Fire Magic     | 1 |  1.6
Ice Magic      | 1 |  1.6
Air Magic      | 1 |  1.6
Earth Magic    | 1 |  1.6
Poison Magic   | 1 |  1.6
Fighting       | 3 |  3.3
Transmutations | 4 |  4.1
Dodging        | 5 |  5.0
Unarmed Combat | |  6.9

Action                   |  1- 3 |  4- 6 || total
-------------------------+-------+-------++-------
Melee: Unarmed           |    75 |   119 ||   194
       Bite              |     6 |    12 ||    18
       Kick              |     3 |     7 ||    10
       Headbutt          |     3 |     7 ||    10
       Punch             |     1 |     1 ||     2
 Cast: Beastly Appendage |     5 |    11 ||    16
       Sticks to Snakes  |       |     7 ||     7
  Use: Scroll            |     1 |     5 ||     6
       Potion            |       |     8 ||     8
 Stab: Sleeping          |     1 |     3 ||     4
  Eat: Chunk             |    11 |    12 ||    23
Armor: Robe              |    14 |     6 ||    20
Dodge: Dodged            |    64 |    60 ||   124
